TOP OF THE 1ST |
Seattle Pikes batting - Pitching for Irvine Gang Green : LHP Frank Jackson
|
Pitching: LHP Frank Jackson
|
|
Batting: RHB Randy Sheppard
|
0-0: DOUBLE (Line Drive, 5D)
|
Batting: LHB Robinson Fernández
|
0-0: Called Strike 0-1: Ball 1-1: Ball 2-1: SINGLE (Line Drive, 34) Randy Sheppard to third Runner from 3rd tries for Home, SAFE, no throw or cutoff
|
Batting: RHB António Ortega
|
0-0: Called Strike 0-1: Swinging Strike 0-2: Strikes out swinging
|
Batting: RHB Manuel Rico
|
0-0: Grounds into double play, 6-4-3 (Groundball, 6)
|
Top of the 1st over - 1 run(s), 2 hit(s), 0 error(s), 0 left on base; Seattle 1 - Irvine 0 |
BOTTOM OF THE 1ST |
Irvine Gang Green batting - Pitching for Seattle Pikes : RHP Jesús Suárez
|
Pitching: RHP Jesús Suárez
|
|
Batting: LHB Tony Tavárez
|
0-0: Ball 1-0: Fly out, F8 (Flyball, 8LD)
|
Batting: LHB Bryce Hopkins
|
0-0: Ball 1-0: Ground out 6-3 (Groundball, 6MS)
|
Batting: RHB José García
|
0-0: Reached on error, E6 (Groundball, 6)
|
Batting: LHB Leonardo Medina
|
0-0: Foul Ball, location: 2F 0-1: Ball 1-1: Ground out U3 (Groundball, 3L)
|
Bottom of the 1st over - 0 run(s), 0 hit(s), 1 error(s), 1 left on base; Seattle 1 - Irvine 0 |
TOP OF THE 2ND |
Seattle Pikes batting - Pitching for Irvine Gang Green : LHP Frank Jackson
|
Batting: RHB Rafael Rincón
|
0-0: Ball 1-0: Ball 2-0: Called Strike 2-1: Foul Ball, location: 2F 2-2: Strikes out swinging
|
Batting: RHB Tae-kwon Kwon
|
0-0: Foul Ball, location: 2F 0-1: Foul Ball, location: 2F 0-2: Ground out 6-3 (Groundball, 6)
|
Batting: LHB Luka Lagerweij
|
0-0: Called Strike 0-1: Ball 1-1: Ball 2-1: Ball 3-1: Base on Balls
|
Batting: RHB Arthur Dumais
|
0-0: Ball 1-0: Ball 2-0: Ball 3-0: Base on Balls Luka Lagerweij to second
|
Batting: RHB Wallace Greene
|
0-0: Called Strike 0-1: Ball 1-1: Ball 2-1: SINGLE (Line Drive, 56D) Luka Lagerweij to third Arthur Dumais to second Runner from 3rd tries for Home, SAFE, no throw or cutoff
|
Batting: RHB Randy Sheppard
|
0-0: Called Strike 0-1: Ball 1-1: Ball 2-1: Foul Ball, location: 2F 2-2: Ball 3-2: Ground out 6-3 (Groundball, 6)
|
Top of the 2nd over - 1 run(s), 1 hit(s), 0 error(s), 2 left on base; Seattle 2 - Irvine 0 |
BOTTOM OF THE 2ND |
Irvine Gang Green batting - Pitching for Seattle Pikes : RHP Jesús Suárez
|
Batting: RHB Oliver Hernández
|
0-0: Foul Ball, location: 2F 0-1: Ball 1-1: Ball 2-1: Foul Ball, location: 2F 2-2: Fly out, F7 (Flyball, 7LM)
|
Batting: LHB Jesús Campos
|
0-0: Swinging Strike 0-1: Ball 1-1: Called Strike 1-2: Strikes out swinging
|
Batting: RHB Pepe González
|
0-0: DOUBLE (Flyball, 78XD)
|
Batting: RHB José Salazar
|
0-0: Ball 1-0: Called Strike 1-1: Ground out 5-3 (Groundball, 5S)
|
Bottom of the 2nd over - 0 run(s), 1 hit(s), 0 error(s), 1 left on base; Seattle 2 - Irvine 0 |
TOP OF THE 3RD |
Seattle Pikes batting - Pitching for Irvine Gang Green : LHP Frank Jackson
|
Batting: LHB Robinson Fernández
|
0-0: Foul Ball, location: 2F 0-1: Ball 1-1: Swinging Strike 1-2: Fly out, F7 (Flyball, 7S)
|
Batting: RHB António Ortega
|
0-0: Ground out 5-3 (Groundball, 56S)
|
Batting: RHB Manuel Rico
|
0-0: Called Strike 0-1: Called Strike 0-2: Strikes out swinging
|
Top of the 3rd over - 0 run(s), 0 hit(s), 0 error(s), 0 left on base; Seattle 2 - Irvine 0 |
BOTTOM OF THE 3RD |
Irvine Gang Green batting - Pitching for Seattle Pikes : RHP Jesús Suárez
|
Batting: RHB Earl Wiggins
|
0-0: Called Strike 0-1: Foul Ball, location: 2F 0-2: Strikes out swinging
|
Batting: LHB Tony Tavárez
|
0-0: Ball 1-0: Ground out 4-3 (Groundball, 4)
|
Batting: LHB Bryce Hopkins
|
0-0: Swinging Strike 0-1: Ball 1-1: Swinging Strike 1-2: Fly out, F9 (Flyball, 89M)
|
Bottom of the 3rd over - 0 run(s), 0 hit(s), 0 error(s), 0 left on base; Seattle 2 - Irvine 0 |
TOP OF THE 4TH |
Seattle Pikes batting - Pitching for Irvine Gang Green : LHP Frank Jackson
|
Batting: RHB Rafael Rincón
|
0-0: SINGLE (Line Drive, 3D)
|
Batting: RHB Tae-kwon Kwon
|
0-0: Called Strike 0-1: Swinging Strike 0-2: Ball 1-2: Strikes out swinging
|
Batting: LHB Luka Lagerweij
|
0-0: Foul Ball, location: 2F 0-1: Ball 1-1: Ball 2-1: Ball 3-1: Swinging Strike 3-2: Strikes out swinging Rafael Rincón steals 2nd base Batter strikes out.
|
Batting: RHB Arthur Dumais
|
0-0: Ball 1-0: Ball 2-0: Ball 3-0: Base on Balls
|
Batting: RHB Wallace Greene
|
0-0: Ball 1-0: Swinging Strike 1-1: Ball 2-1: Fielders Choice at 2nd, 5-4 (Groundball, 56)
|
Top of the 4th over - 0 run(s), 1 hit(s), 0 error(s), 1 left on base; Seattle 2 - Irvine 0 |
BOTTOM OF THE 4TH |
Irvine Gang Green batting - Pitching for Seattle Pikes : RHP Jesús Suárez
|
Batting: RHB José García
|
0-0: Swinging Strike 0-1: Ground out 5-3 (Groundball, 56)
|
Batting: LHB Leonardo Medina
|
0-0: Ball 1-0: Foul Ball, location: 2F 1-1: Ball 2-1: SOLO HOME RUN (Line Drive, 9D), Distance : 409 ft
|
Batting: RHB Oliver Hernández
|
0-0: Fly out, F5 (Popup, 5SF)
|
Batting: LHB Jesús Campos
|
0-0: Foul Ball, location: 2F 0-1: SINGLE (Line Drive, 89S)
|
Batting: RHB Pepe González
|
0-0: Called Strike Jesús Campos is caught stealing 2nd base
|
Bottom of the 4th over - 1 run(s), 2 hit(s), 0 error(s), 0 left on base; Seattle 2 - Irvine 1 |
TOP OF THE 5TH |
Seattle Pikes batting - Pitching for Irvine Gang Green : LHP Frank Jackson
|
Batting: RHB Randy Sheppard
|
0-0: Foul Ball, location: 2F 0-1: Bunt missed! 0-2: Ball 1-2: Ball 2-2: Ground out 5-3 (Groundball, 56S)
|
Batting: LHB Robinson Fernández
|
0-0: Swinging Strike 0-1: Swinging Strike 0-2: Strikes out swinging
|
Batting: RHB António Ortega
|
0-0: Ball 1-0: Ball 2-0: Ground out 2-3 (Groundball, 25)
|
Top of the 5th over - 0 run(s), 0 hit(s), 0 error(s), 0 left on base; Seattle 2 - Irvine 1 |
BOTTOM OF THE 5TH |
Irvine Gang Green batting - Pitching for Seattle Pikes : RHP Jesús Suárez
|
Batting: RHB Pepe González
|
0-0: Foul Ball, location: 2F 0-1: Called Strike 0-2: Fly out, F9 (Flyball, 89XD)
|
Batting: RHB José Salazar
|
0-0: Fly out, F4 (Popup, 34S)
|
Batting: RHB Earl Wiggins
|
0-0: Ball 1-0: Ball 2-0: Called Strike 2-1: Ground out 5-3 (Groundball, 5)
|
Bottom of the 5th over - 0 run(s), 0 hit(s), 0 error(s), 0 left on base; Seattle 2 - Irvine 1 |
TOP OF THE 6TH |
Seattle Pikes batting - Pitching for Irvine Gang Green : LHP Frank Jackson
|
Batting: RHB Manuel Rico
|
0-0: Ball 1-0: Swinging Strike 1-1: Called Strike 1-2: Strikes out swinging
|
Batting: RHB Rafael Rincón
|
0-0: Ground out 6-3 (Groundball, 6)
|
Batting: RHB Tae-kwon Kwon
|
0-0: Called Strike 0-1: Ball 1-1: Fly out, F8 (Flyball, 8LXD)
|
Top of the 6th over - 0 run(s), 0 hit(s), 0 error(s), 0 left on base; Seattle 2 - Irvine 1 |
BOTTOM OF THE 6TH |
Irvine Gang Green batting - Pitching for Seattle Pikes : RHP Jesús Suárez
|
Batting: LHB Tony Tavárez
|
0-0: Ball 1-0: Ground out 4-3 (Groundball, 4)
|
Batting: LHB Bryce Hopkins
|
0-0: Called Strike 0-1: Foul Ball, location: 2F 0-2: Ball 1-2: Ball 2-2: SINGLE (Groundball, 34S)
|
Batting: RHB José García
|
0-0: Reached on error, E5 (Groundball, 5S) Bryce Hopkins to second
|
Batting: LHB Leonardo Medina
|
0-0: Foul Ball, location: 2F 0-1: Called Strike 0-2: Ball 1-2: Fly out, F8 (Flyball, 8LD)
|
Batting: RHB Oliver Hernández
|
0-0: Ball 1-0: Ground out 6-3 (Groundball, 6)
|
Bottom of the 6th over - 0 run(s), 1 hit(s), 1 error(s), 2 left on base; Seattle 2 - Irvine 1 |
TOP OF THE 7TH |
Seattle Pikes batting - Pitching for Irvine Gang Green : LHP Frank Jackson
|
Batting: LHB Luka Lagerweij
|
0-0: Ball 1-0: Ball 2-0: Called Strike 2-1: Foul Ball, location: 2F 2-2: Foul Ball, location: 2F 2-2: Foul Ball, location: 2F 2-2: Foul Ball, location: 2F 2-2: Foul Ball, location: 2F 2-2: Ball 3-2: Strikes out swinging
|
Batting: RHB Arthur Dumais
|
0-0: Ball 1-0: Ball 2-0: Ground out 5-3 (Groundball, 56S)
|
Batting: RHB Wallace Greene
|
0-0: Fly out, F8 (Flyball, 78D)
|
Top of the 7th over - 0 run(s), 0 hit(s), 0 error(s), 0 left on base; Seattle 2 - Irvine 1 |
BOTTOM OF THE 7TH |
Irvine Gang Green batting - Pitching for Seattle Pikes : RHP Jesús Suárez
|
Batting: LHB Jesús Campos
|
0-0: Ball 1-0: Called Strike 1-1: SINGLE (Groundball, 4MD)
|
Pinch Hitting: LHB Lorenzo Quintanilla
|
0-0: Sac Bunt - play at first, batter OUT! 1-4 Jesús Campos to second
|
Batting: RHB José Salazar
|
0-0: Ball 1-0: Ground out 6-3 (Groundball, 6) Jesús Campos to third
|
Batting: RHB Earl Wiggins
|
0-0: Ball 1-0: Ground out 4-3 (Groundball, 4)
|
Bottom of the 7th over - 0 run(s), 1 hit(s), 0 error(s), 1 left on base; Seattle 2 - Irvine 1 |
TOP OF THE 8TH |
Seattle Pikes batting - Pitching for Irvine Gang Green : LHP Frank Jackson
|
Now at 1B: Lorenzo Quintanilla
|
|
Batting: RHB Randy Sheppard
|
0-0: Ball 1-0: Fly out, F7 (Flyball, 7M)
|
Batting: LHB Robinson Fernández
|
0-0: Ball 1-0: Swinging Strike 1-1: Called Strike 1-2: Ground out 6-3 (Groundball, 6)
|
Batting: RHB António Ortega
|
0-0: Foul Ball, location: 2F 0-1: Ball 1-1: Ball 2-1: Foul Ball, location: 2F 2-2: Fly out, F6 (Line Drive, 56D)
|
Top of the 8th over - 0 run(s), 0 hit(s), 0 error(s), 0 left on base; Seattle 2 - Irvine 1 |
BOTTOM OF THE 8TH |
Irvine Gang Green batting - Pitching for Seattle Pikes : RHP Jesús Suárez
|
Now at 1B: Eduardo Gómez
|
|
Batting: LHB Tony Tavárez
|
0-0: Fly out, F7 (Line Drive, 78M)
|
Batting: LHB Bryce Hopkins
|
0-0: SINGLE (Groundball, 34D)
|
Pinch Hitting: LHB Tom Baker
|
0-0: Fly out, F8 (Flyball, 8LS)
|
Batting: LHB Leonardo Medina
|
0-0: Foul Ball, location: 2F 0-1: Ball 1-1: Ball 2-1: Ball 3-1: Fly out, F6 (Popup, 5D)
|
Bottom of the 8th over - 0 run(s), 1 hit(s), 0 error(s), 1 left on base; Seattle 2 - Irvine 1 |
TOP OF THE 9TH |
Seattle Pikes batting - Pitching for Irvine Gang Green : LHP Frank Jackson
|
Pitching: RHP Robert Powers
|
|
Now at 2B: Bill Murphy
|
|
Batting: RHB Manuel Rico
|
0-0: Called Strike 0-1: Foul Ball, location: 2F 0-2: Ball 1-2: Ball 2-2: Ground out 1-3 (Groundball, 15S)
|
Batting: RHB Rafael Rincón
|
0-0: Swinging Strike 0-1: Called Strike 0-2: Ball 1-2: Ball 2-2: Ball 3-2: Strikes out swinging
|
Batting: RHB Tae-kwon Kwon
|
0-0: Ball 1-0: Fly out, F9 (Flyball, 9LS)
|
Top of the 9th over - 0 run(s), 0 hit(s), 0 error(s), 0 left on base; Seattle 2 - Irvine 1 |
BOTTOM OF THE 9TH |
Irvine Gang Green batting - Pitching for Seattle Pikes : RHP Jesús Suárez
|
Pitching: LHP Cristián Escobar
|
|
Batting: RHB Oliver Hernández
|
0-0: Ball 1-0: Ball 2-0: Foul Ball, location: 2F 2-1: Foul Ball, location: 2F 2-2: Ball 3-2: Base on Balls
|
Batting: LHB Jesús Campos
|
0-0: Called Strike 0-1: Ball 1-1: Foul Ball, location: 2F 1-2: Strikes out swinging
|
Batting: LHB Lorenzo Quintanilla
|
0-0: Ball Balk! Oliver Hernández to second 1-0: Foul Ball, location: 2F 1-1: Swinging Strike 1-2: Foul Ball, location: 2F 1-2: Ball 2-2: Foul Ball, location: 2F 2-2: Foul Ball, location: 2F 2-2: Ball 3-2: Ground out 6-3 (Groundball, 6M) Oliver Hernández to third
|
Batting: RHB José Salazar
|
0-0: SINGLE (Groundball, 56D) (infield hit) Oliver Hernández scores
|
Batting: RHB Earl Wiggins
|
0-0: Foul Ball, location: 2F Pickoff Throw to First - Out!
|
Bottom of the 9th over - 1 run(s), 1 hit(s), 0 error(s), 0 left on base; Seattle 2 - Irvine 2 |
TOP OF THE 10TH |
Seattle Pikes batting - Pitching for Irvine Gang Green : RHP Robert Powers
|
Pitching: RHP Kuang-yin Yue
|
|
Batting: LHB Luka Lagerweij
|
0-0: Ball 1-0: Ball 2-0: Called Strike 2-1: Swinging Strike 2-2: Strikes out swinging
|
Batting: RHB Arthur Dumais
|
0-0: Ball 1-0: Foul Ball, location: 2F 1-1: Ground out 4-3 (Groundball, 4M)
|
Batting: RHB Wallace Greene
|
0-0: Foul Ball, location: 2F 0-1: Ground out 6-3 (Groundball, 6)
|
Top of the 10th over - 0 run(s), 0 hit(s), 0 error(s), 0 left on base; Seattle 2 - Irvine 2 |
BOTTOM OF THE 10TH |
Irvine Gang Green batting - Pitching for Seattle Pikes : LHP Cristián Escobar
|
Batting: RHB Earl Wiggins
|
0-0: Called Strike 0-1: Ball 1-1: Ground out 6-3 (Groundball, 6)
|
Batting: LHB Tony Tavárez
|
0-0: Ball 1-0: Foul Ball, location: 2F 1-1: Ball 2-1: Ground out 4-3 (Groundball, 4)
|
Batting: LHB Bryce Hopkins
|
0-0: Swinging Strike 0-1: Called Strike 0-2: Ball 1-2: Ball 2-2: Ground out 4-3 (Groundball, 34)
|
Bottom of the 10th over - 0 run(s), 0 hit(s), 0 error(s), 0 left on base; Seattle 2 - Irvine 2 |
TOP OF THE 11TH |
Seattle Pikes batting - Pitching for Irvine Gang Green : RHP Kuang-yin Yue
|
Pinch Hitting: LHB Bruno Lalonde
|
0-0: Ball 1-0: Ball 2-0: Ground out 4-3 (Groundball, 4M)
|
Batting: LHB Eduardo Gómez
|
0-0: Ball 1-0: Ground out U3 (Groundball, 3S)
|
Batting: RHB António Ortega
|
0-0: Called Strike 0-1: DOUBLE (Line Drive, 7LD)
|
Batting: RHB Manuel Rico
|
0-0: Ball 1-0: Called Strike 1-1: Ball 2-1: Foul Ball, location: 2F 2-2: Foul Ball, location: 2F 2-2: Ball 3-2: Base on Balls
|
Batting: RHB Rafael Rincón
|
0-0: Called Strike 0-1: Called Strike 0-2: Ground out 5-3 (Groundball, 5S)
|
Top of the 11th over - 0 run(s), 1 hit(s), 0 error(s), 2 left on base; Seattle 2 - Irvine 2 |
|